cohdb
Replays
Latest Replays
All Replays
Popular Replays
Top Player Replays
Match Explorer
How It Works
Community
CoH3 Stats
Reddit
Sign in to upload your games and track your stats! →
Sign in with Steam
Rei 2vs2v2
Match 39285126
Overview
Messages
Build Orders
End
Kradschützen Motorcycle Team
Panzergrenadier Squad
Panzergrenadier Squad
250 Light Carrier
Construct Light Support Kompanie
Selects Armored Support Battlegroup
Selects Superior Fire Drills
Combat Half-tracks
Construct Mechanized Kompanie
Panzerjäger Mechanized Group
Veteran Squad Leaders
Panzergrenadier Squad
254 Reconnaissance Tractor
2.5-tonne Medical Truck
Support Armor Elements
Rei
Drink||Scotch
JEFG
Harvard University
0
0
Comments
sign in to comment!
No comments posted yet!